 Dungeon Crawl Stone Soup version 0.21.1-1-g345015f (webtiles) character file.

130 bobthegiant the Charmwright (level 5, -2/57 HPs)
             Began as a Merfolk Skald on Feb 21, 2018.
             Killed from afar by shakethe's ghost (7 damage)
             ... with a spray of energy
             ... on level 3 of the Dungeon.
             The game lasted 00:08:24 (3475 turns).

bobthegiant the Charmwright (Merfolk Skald)         Turns: 3475, Time: 00:08:26

Health: -2/57      AC:  8    Str: 17    XL:     5   Next: 14%
Magic:  8/8        EV:  8    Int: 12    God:
Gold:   103        SH:  0    Dex: 14    Spells: 7/8 levels left

rFire    . . .     SeeInvis .   a - +0 spear
rCold    . . .     Gourm    .   (no shield)
rNeg     . . .     Faith    .   o - +0 chain mail
rPois    .         Spirit   .   (no helmet)
rElec    .         Reflect  .   (no cloak)
rCorr    .         Harm     .   (no gloves)
MR       .....                  (no boots)
Stlth    ..........             (no amulet)
HPRegen  0.19/turn              (no ring)
MPRegen  0.11/turn              (no ring)

@: berserking, lethally poisoned (-2 -> -17), very quick
A: change form in water, swift swim, stealthy swim
a: no special abilities


You were on level 3 of the Dungeon.
You were hungry.

You visited 1 branch of the dungeon, and saw 3 of its levels.

You collected 103 gold pieces.

Inventory:

Hand Weapons
 a - a +0 spear (weapon)
Missiles
 e - 92 stones (quivered)
 f - 6 poisoned needles
Armour
 b - a +0 leather armour
 o - a +0 chain mail (worn)
Wands
 r - a wand of acid (10)
Scrolls
 g - a scroll of enchant weapon {unknown}
 h - 2 scrolls of identify {unknown}
 j - a scroll of magic mapping {unknown}
 m - a scroll of amnesia {unknown}
 n - a scroll of remove curse {unknown}
 p - a scroll of fog {unknown}
Potions
 i - a potion of agility {unknown}
 k - a potion of flight {unknown}
 l - a potion of curing
 q - a potion of berserk rage
 s - a potion of mutation {unknown}
Books
 c - a book of Battle

   Spells                             Type                      Level
   a - Infusion                       Charms                       1
   b - Shroud of Golubria             Charms/Translocation         2
   c - Song of Slaying                Charms                       2
   d - Spectral Weapon                Hexes/Charms                 3
   e - Regeneration                   Charms/Necromancy            3
Comestibles
 d - 4 rations


   Skills:
 - Level 2.1 Fighting
 + Level 4.9 Polearms
 - Level 0.6 Armour
 - Level 2.6 Dodging
 - Level 2.0 Spellcasting
 * Level 5.4 Charms


You had 7 spell levels left.
You knew the following spells:

 Your Spells              Type           Power        Failure   Level  Hunger
a - Infusion              Chrm           ##..         45%         1    ##.....


Dungeon Overview and Level Annotations

Branches:
Dungeon (3/15)

Altars:
Nemelex Xobeh
Trog

Annotations:
D:3 shakethe's ghost, amateur DECj


Message History

You miss shakethe's ghost.
Shakethe's ghost is severely damaged.
Shakethe's ghost hits you but does no damage.
You are more poisoned.
The ooze hits you but does no damage.
You miss shakethe's ghost.
Shakethe's ghost is severely damaged.
* * * LOW HITPOINT WARNING * * *
You feel sick. Shakethe's ghost barely misses you.
You miss shakethe's ghost.
Shakethe's ghost is severely damaged.
* * * LOW HITPOINT WARNING * * *
You feel sick. The ooze hits you but does no damage.
You closely miss shakethe's ghost.
Shakethe's ghost is severely damaged.
* * * LOW HITPOINT WARNING * * *
You feel sick. Shakethe's ghost casts a spell at you.
The spray of energy hits you!
You die...

###...###.....####### #
#.##....).....# ... ##.
._.#....#############
#..###..####.####..# #......#
#......##..#'#..##.# #.####.#
#...#..#...'.'J..#.######.......
#......## #.## ##.#............
#.#.##..###.#.###..........##..#
#...........#oW@...#.####.###..#
#.....###..###J......# #.# #..#
#.#.#.# #......####..# #.# ##.#
#...#.# #.....## #..# #.# ##.#
#.###.# ##...## #.## #.# #...
#.....# ##.## #..####.# #.#.
#.##### #.# #.......# #... #.#
#.# #..#########.# #)#
#.#######.........)...


You could see shakethe's ghost, an ooze and an orc.

Vanquished Creatures
  3 adders
  4 oozes
  A worm (D:3)
  2 dart slugs
  2 leopard geckos (D:1)
  A ball python (D:2)
  A giant cockroach (D:2)
  11 goblins
  8 hobgoblins
  13 jackals
  5 kobolds
  3 quokkas
  6 bats
  8 frilled lizards
  3 rats (D:1)
71 creatures vanquished.

Vanquished Creatures (others)
  4 toadstools (D:1)
4 creatures vanquished.

Grand Total: 75 creatures vanquished

Notes
Turn   | Place    | Note
-------+----------+-------------------------------------------
     0 | D:1      | bobthegiant the Merfolk Skald began the quest for the Orb.
     0 | D:1      | Reached XP level 1. HP: 16/16 MP: 3/3
   292 | D:1      | Reached XP level 2. HP: 22/22 MP: 5/5
   500 | D:1      | Reached skill level 4 in Charms
   757 | D:1      | HP: 1/22 [leopard gecko (5)]
   760 | D:1      | Reached XP level 3. HP: 1/27 MP: 6/6
  2065 | D:2      | Reached XP level 4. HP: 33/33 MP: 7/7
  2280 | D:2      | Found a bloodstained altar of Trog.
  2660 | D:3      | Reached skill level 5 in Charms
  2951 | D:3      | Reached XP level 5. HP: 32/38 MP: 8/8
  3447 | D:3      | Found a sparkling altar of Nemelex Xobeh.
  3448 | D:3      | Noticed shakethe's ghost (amateur DECj)
  3475 | D:3      | Killed from afar by shakethe's ghost

Skill      XL: |  1  2  3  4 |
---------------+-------------+-----
Charms         | 4 5 |  5.4
Polearms       | 4 |  4.9
Fighting       | |  2.1
Armour         | |  0.6
Dodging        | |  2.6
Spellcasting   | |  2.0

Action                   |  1- 3 |  4- 6 || total
-------------------------+-------+-------++-------
Melee: Spear             |   194 |   189 ||   383
Throw: Stone             |       |     1 ||     1
  Use: Potion            |       |     2 ||     2
 Stab: Sleeping          |     1 |       ||     1
  Eat: Chunk             |     3 |     5 ||     8
Armor: Leather armour    |    34 |     1 ||    35
       Chain mail        |       |    76 ||    76
Dodge: Dodged            |   109 |    45 ||   154
